 Dungeon Crawl Stone Soup version 0.28.0-53-g5a82cb258f (webtiles) character file.

Game seed: 733574337803262119

83 H0rd4k the Charlatan (level 4, 0/48 HPs)
             Began as a Human Artificer on Aug 9, 2022.
             Succumbed to a scorpion's poison
             ... on level 3 of the Dungeon.
             The game lasted 00:02:45 (3450 turns).

H0rd4k the Charlatan (Human Artificer)              Turns: 3450, Time: 00:02:45

Health: 0/48       AC: 22    Str: 12    XL:     4   Next: 71%
Magic:  4/4        EV:  2    Int: 14    God:
Gold:   55         SH:  0    Dex: 13    Spells: 3/3 levels left

rFire   + . .      SeeInvis .   q - +0 mace
rCold   + . .      Faith    .   (no shield)
rNeg    . . .      Spirit   .   (armour currently unavailable)
rPois   +          Reflect  .   (helmet currently unavailable)
rElec   +          Harm     .   (cloak currently unavailable)
rCorr   +          Rampage  .   (gloves currently unavailable)
Will    .....      NoTele   +   (boots currently unavailable)
Stlth   ++........              f - amulet of the acrobat
HPRegen 0.16/turn               (no ring)
MPRegen 0.09/turn               (no ring)

@: lethally poisoned (0 -> -4), tree-form, resistant, acrobatic, attractive
A: stationary, stasis, torment immunity, boosted hp
a: no special abilities


You were on level 3 of the Dungeon.
You were a tree.
You visited 1 branch of the dungeon, and saw 3 of its levels.

You collected 55 gold pieces.

Inventory:

Hand Weapons
 q - a +0 mace (weapon)
Missiles
 i - 10 poisoned darts
Armour
 b - a +0 leather armour (melded)
 g - a +2 pair of gloves (melded)
 p - a +0 cloak (melded)
Jewellery
 f - an amulet of the acrobat (around neck)
Wands
 c - a wand of flame (7) (quivered)
 d - a wand of charming (8)
Scrolls
 j - a scroll of fog {unknown}
 k - a scroll of identify {unknown}
 l - a scroll of amnesia {unknown}
 m - a scroll of teleportation {unknown}
 r - a scroll of fear {unknown}
Miscellaneous
 e - a piece from Xom's chessboard (15/15)


   Skills:
 + Level 1.3 Fighting
 + Level 2.1 Maces & Flails
 - Level 2.0 Armour
 + Level 2.2 Dodging
 - Level 1.0 Stealth
 + Level 3.7 Evocations


You had 3 spell levels left.
You didn't know any spells.
Your spell library contained the following spells:

 Spells                   Type           Power      Damage    Failure   Level
 Animate Skeleton         Necr           0%         N/A       28%         1
 Apportation              Tloc           0%         N/A       28%         1
 Slow                     Hex            0%         N/A       28%         1
 Summon Small Mammal      Summ           0%         N/A       28%         1
 Ensorcelled Hibernation  Hex/Ice        0%         N/A       41%         2
 Confusing Touch          Hex            0%         N/A       65%         3
 Spider Form              Tmut/Pois      0%         N/A       65%         3
 Vampiric Draining        Necr           0%         2d6       65%         3
 Anguish                  Hex/Necr       0%         N/A       96%         4


Dungeon Overview and Level Annotations

Branches:
Dungeon (3/15)

Altars:


Message History

You feel sick. The scorpion stings you.
Unknown command.
Aiming: Charm
Press: ? - help, Shift-Dir - straight line, f/p - scorpion
Aim: a scorpion (chance to affect: 59%)
The scorpion resists with significant effort.
You feel sick. The scorpion stings you.
You are lethally poisoned!
The scorpion poisons you!
You feel very sick. The scorpion closely misses you.
Aiming: Charm
Press: ? - help, Shift-Dir - straight line, f/p - scorpion
Aim: a scorpion (chance to affect: 59%)
The scorpion is charmed.
* * * LOW HITPOINT WARNING * * *
You feel very sick.
Unknown command.
It was a potion of flight.
You feel very buoyant.
You fly up into the air.
* * * LOW HITPOINT WARNING * * *
You feel very sick.
It was a potion of attraction.
You feel attractive to monsters.
* * * LOW HITPOINT WARNING * * *
You feel sick.
It was a potion of resistance.
You feel protected.
* * * LOW HITPOINT WARNING * * *
You feel sick.
It was a potion of lignification.
You turn into a tree.
Your +0 cloak melds into your body.
Your +2 pair of gloves melds into your body.
Your +0 leather armour melds into your body.
Your roots penetrate the ground.
* * * LOW HITPOINT WARNING * * *
You feel sick.
There is a lethal amount of poison in your body!
You die...

#..# #.# #. #..# #.#
#. #^.# #.# #.
#..########.# #.
#........##>#### #.
##.#####.##..... #.
#.# #........
#.####.########.....
#.s♣..............).
#.#############.....
#. #.##.# .. #.##.#
... ##.##.# #.##
###...#)# #.
........# #.
###.....# .....#..#


You could see a friendly scorpion (charmed).

Vanquished Creatures
  Jessica (D:2)
  2 adders (D:2)
  A worm (D:2)
  2 dart slugs
  5 endoplasms
  2 giant cockroaches
  6 goblins
  A hobgoblin (D:1)
  3 jackals (D:1)
  A quokka (D:2)
  2 ball pythons
  2 bats
  3 frilled lizards
  5 kobolds
  4 rats
40 creatures vanquished.

Vanquished Creatures (collateral kills)
  2 endoplasms (D:1)
  A quokka (D:2)
3 creatures vanquished.

Vanquished Creatures (others)
  A goblin (D:1)
  A quokka (D:1)
  2 plants (D:1)
4 creatures vanquished.

Grand Total: 47 creatures vanquished

Notes
Turn   | Place    | Note
-------+----------+-------------------------------------------
     0 | D:1      | H0rd4k the Human Artificer began the quest for the Orb.
     0 | D:1      | Reached XP level 1. HP: 15/15 MP: 1/1
   310 | D:1      | Reached XP level 2. HP: 5/21 MP: 2/2
  1217 | D:1      | Reached XP level 3. HP: 21/26 MP: 3/3
  1369 | D:1      | Found a faded altar of an unknown god.
  1610 | D:2      | Reached skill level 1 in Maces & Flails
  2247 | D:2      | Reached XP level 4. HP: 16/32 MP: 4/4
  2986 | D:2      | Noticed Jessica
  3005 | D:2      | Killed Jessica
  3440 | D:3      | Noticed a scorpion
  3448 | D:3      | HP: 1/32 [poisoned by a scorpion]
  3450 | D:3      | Succumbed to a scorpion's poison

Illustrated notes

Levels and vault maps discovered:
D:1:      lightli_arrival_statuegarden, layout_basic,
          dreamdust_ecumenical_altar_angels_and_demons
D:2:      layout_loops_corners, glass_columns_a, chequers_arboretum,
          kennysheep_jessica_study
D:3:      layout_loops_ring, serial_shops, shop

Skill      XL: |  1  2  3  4 |
---------------+-------------+-----
Maces & Flails | 1 2 |  2.1
Dodging        | 2 |  2.2
Fighting       | |  1.3
Armour         | |  2.0
Stealth        | |  1.0
Evocations     | |  3.7

Action                   |  1- 3 |  4- 6 || total
-------------------------+-------+-------++-------
Melee: Club              |   130 |     8 ||   138
       Punch             |     1 |       ||     1
       Mace              |       |    53 ||    53
Evoke: Wand              |     9 |     6 ||    15
  Use: Potion            |       |     4 ||     4
 Stab: Sleeping          |     1 |     1 ||     2
Armor: Leather armour    |    46 |    28 ||    74
Dodge: Dodged            |    85 |    60 ||   145
